 Dungeon Crawl Stone Soup version 0.29-a0-892-g2c4c91d9db (console) character file.

Game seed: 7284639422211372023

12859 CannotBeFrozen the Carver (level 11, -1/95 HPs)
             Began as a Demigod Warper on July 23, 2022.
             Slain by an eight-headed hydra (14 damage)
             ... on level 1 of the Lair of Beasts.
             The game lasted 01:20:37 (22386 turns).

CannotBeFrozen the Carver (Demigod Warper)         Turns: 22386, Time: 01:20:37

Health: -1/95      AC:  7    Str: 16    XL:     11   Next: 41%
Magic:  17/20      EV: 12    Int: 24    God:
Gold:   762        SH: 12    Dex: 21    Spells: 7/18 levels left

rFire   . . .      SeeInvis .   b - +1 dagger (venom)
rCold   . . .      Faith    .   P - +1 buckler
rNeg    . . .      Spirit   .   N - +0 leather armour "Eficriuk" {Str+4 Int+5}
rPois   .          Reflect  +   y - +0 helmet
rElec   .          Harm     .   J - +0 cloak
rCorr   .          Rampage  .   n - +0 pair of gloves
Will    +....                   e - +0 pair of boots
Stlth   ++........              G - amulet of reflection
HPRegen 0.25/turn               I - ring of flight
MPRegen 0.17/turn               (no ring)

@: flying
A: high MP 1, forlorn, divine attributes
a: no special abilities


You were on level 1 of the Lair of Beasts.
You visited 2 branches of the dungeon, and saw 13 of its levels.
You also visited: Sewer and Ossuary.

You collected 762 gold pieces.

Inventory:

Hand Weapons
 a - a +0 scimitar
 b - a +1 dagger of venom (weapon)
Missiles
 d - 7 boomerangs of dispersal {=f=F}
 q - 11 boomerangs
 A - 2 atropa-tipped darts {=f=F}
 C - a throwing net {=f=F}
 E - 9 poisoned darts (quivered)
Armour
 e - a +0 pair of boots (worn)
 n - a +0 pair of gloves (worn)
 y - a +0 helmet (worn)
 J - a +0 cloak (worn)
 N - the +0 leather armour "Eficriuk" (worn) {Str+4 Int+5}
   (You found it on level 7 of the Dungeon)

   Str:       It affects your strength (+4).
   Int:       It affects your intelligence (+5).
 P - a +1 buckler (worn)
Magical Staves
 D - a staff of poison
Jewellery
 G - an amulet of reflection (around neck)
 I - a ring of flight (left hand)
 L - a ring of fire
Wands
 g - a wand of digging (1)
 Q - a wand of roots (5)
 U - a wand of charming (2)
Scrolls
 c - 5 scrolls of blinking
 s - a scroll of fear
 u - 5 scrolls of teleportation {@r2}
 w - a scroll of silence
 x - 2 scrolls of brand weapon
 B - 3 scrolls of enchant weapon
 F - 2 scrolls of immolation
 H - 3 scrolls of magic mapping
 K - 4 scrolls of amnesia
 R - a scroll of enchant armour
 S - 2 scrolls of identify {@r1}
 T - a scroll of butterflies
Potions
 f - a potion of invisibility
 h - 3 potions of resistance
 i - 3 potions of lignification
 j - 2 potions of cancellation
 k - 3 potions of heal wounds {@q2}
 l - 8 potions of curing {@q1}
 m - a potion of might
 o - 5 potions of berserk rage
 p - 3 potions of attraction
 r - 3 potions of mutation
 t - 4 potions of haste
 v - a potion of flight {unknown}
Miscellaneous
 O - a box of beasts (inert)


   Skills:
 + Level 8.6 Fighting
 + Level 11.4 Long Blades
 - Level 1.0 Throwing
 - Level 1.0 Armour
 - Level 2.0 Dodging
 - Level 2.0 Stealth
 - Level 4.0 Shields
 - Level 4.0 Spellcasting
 - Level 5.0 Translocations
 - Level 7.0 Ice Magic


You had 7 spell levels left.
You knew the following spells:

 Your Spells              Type           Power      Damage    Failure   Level
b - Lesser Beckoning      Tloc           28%        N/A       6%          3
o - Ozocubu's Armour      Ice            38%        N/A       2%          3
t - Teleport Other        Tloc           28%        N/A       6%          3
z - Blink                 Tloc           56%        N/A       3%          2

Your spell library contained the following spells:

 Spells                   Type           Power      Damage    Failure   Level
 Ensorcelled Hibernation  Hex/Ice        42%        N/A       5%          2
 Gell's Gravitas          Tloc           28%        N/A       6%          3
 Portal Projectile        Hex/Tloc       32%        N/A       17%         3
 Passwall                 Tmut/Erth      3%         N/A       24%         2
 Ignite Poison            Fire/Tmut/Pois 4%         N/A       43%         3
 Inner Flame              Hex/Fire       4%         N/A       43%         3
 Mephitic Cloud           Conj/Pois/Air  4%         N/A       43%         3
 Swiftness                Air            4%         N/A       43%         3
 Tukima's Dance           Hex            4%         N/A       43%         3
 Manifold Assault         Tloc           28%        N/A       50%         5
 Animate Armour           Summ/Erth      8%         N/A       83%         4
 Cause Fear               Hex            2%         N/A       83%         4
 Freezing Cloud           Conj/Ice/Air   7%         6-21      86%         5
 Blade Hands              Tmut           2%         N/A       99%         5
 Iron Shot                Conj/Erth      2%         9d2       100%        6
 Ozocubu's Refrigeration  Ice            19%        4d8       100%        7
 Discord                  Hex            2%         N/A       100%        8


Dungeon Overview and Level Annotations

Branches:
Dungeon (12/15)            Temple (0/1) D:4            Lair (1/5) D:10
    Orc (0/2) D:12          Sewer (visited)         Ossuary (visited)

Shops:
D:4 *   D:9 !   D:12 =

Portals:
Trove: D:11 (show slimy rune of Zot)

Annotations:
D:8 3 runed translucent doors, exclusion: two-headed ogre, hackon's ghost, novice OgFE
D:11 3 runed translucent doors, Zeltrum's ghost, journeyman DgFi
D:12 exclusions: orc priest, phantom, redback and shadow


Innate Abilities, Weirdness & Mutations

You have an increased reservoir of magic. (+10% MP)
You shall have no god before yourself.
Your divine heritage dramatically boosts your attributes as you level up.


Message History

You see here a scroll of identify {@r1}.
S - 2 scrolls of identify {@r1} (gained 1)
Aiming: Mindburst
Press: ? - help, Shift-Dir - straight line, f/p - eight-headed hydra
Aim: an eight-headed hydra (heavily wounded, chance to affect: 29%)
The eight-headed hydra's minds are blasted!
Aiming: Mindburst
Press: ? - help, Shift-Dir - straight line, f/p - eight-headed hydra
Aim: an eight-headed hydra (severely wounded, chance to affect: 29%)
The eight-headed hydra's minds are blasted!
Aiming: Mindburst
Press: ? - help, Shift-Dir - straight line, f/p - eight-headed hydra
Aim: an eight-headed hydra (severely wounded, chance to affect: 29%)
The eight-headed hydra easily resists.
The now-empty wand crumbles to dust.
Casting: Blink (safe; 3% risk of failure)
Confirm with . or Enter, or press ? or * to list all spells.
You blink.
MP: 16/20 (-2)
You open the lid... ...and a larval firebat beast flies out!
The box is emptied!
You feel stable enough to blink again.
Something barely misses your larval firebat beast. x2
Something bites your larval firebat beast.
Something bites your larval firebat beast! x2
Your larval firebat beast dies!
Your larval firebat beast's corpse disappears in a puff of smoke!
You completely miss the eight-headed hydra.
The eight-headed hydra is severely wounded.
You block the eight-headed hydra's attack. x2
The eight-headed hydra barely misses you.
The eight-headed hydra bites you!
* * * LOW HITPOINT WARNING * * *
The eight-headed hydra bites you but does no damage.
The eight-headed hydra bites you!
* * * LOW HITPOINT WARNING * * *
The eight-headed hydra bites you.
* * * LOW HITPOINT WARNING * * *
The eight-headed hydra bites you!
You die...

..#.....................#
.........##.............#
.(.##.<.##.............#
.P. #...#P.#...........#
#..#...##.#...........#
#....##.#..........>#
#..#....P.........#...#
#..?.#....#...........#
......#.##^.....##.#.#.#
..P......#.......##.#.#.#
..#....#.##.#.##.##.#.D@#
#......##.P.#..##.P.#.##
.... ..##...##.##...ยง..#
...... #.#(##....#...##
.#. #....#...# .
#....#...# ..##....#...##
........#....#
#.......#...##
#.......#...#
............#


You could see an eight-headed hydra.

Vanquished Creatures
  3 two-headed ogres
  An ugly thing (D:10)
  An elephant (shapeshifter) (D:11)
  A gargoyle (D:12)
  An unseen horror (D:9)
  3 kobold demonologists
  A komodo dragon (D:10)
  A troll (D:12)
  Grinder (D:6)
  A hornet (D:10)
  A hornet (shapeshifter) (Ossuary)
  A shadow (D:11)
  2 wraiths
  A wyvern (D:9)
  14 yaks
  2 steam dragons (D:8)
  Menkaure (D:5)
  A sky beast (D:6)
  4 orc warriors
  A black bear (D:6)
  3 ogres (D:5)
  3 centaurs
  A phantom (D:5)
  5 bullfrogs
  A kobold brigand (D:11)
  Blork the orc (D:6)
  15 scorpions
  A necrophage (D:7)
  9 wights
  6 killer bees (D:11)
  5 howler monkeys
  2 centaur zombies (Ossuary)
  3 human zombies (Ossuary)
  Crazy Yiuf (D:5)
  12 orc priests
  A gnoll bouda (D:5)
  8 hounds
  2 jellies
  6 orc wizards
  3 scorpion zombies (Ossuary)
  5 ogre zombies (D:12)
  2 mummies (Ossuary)
  11 gnolls
  9 adders
  A river rat (D:6)
  2 shadow imps
  3 white imps
  2 worms
  4 dart slugs
  47 orcs
  17 endoplasms
  11 giant cockroaches
  4 gnoll zombies (Ossuary)
  6 goblins
  13 hobgoblins
  5 jackals
  12 kobolds
  12 quokkas
  16 ball pythons
  6 bats
  5 frilled lizards
  2 goblin zombies (Ossuary)
  A kobold zombie (Ossuary)
  12 orc zombies
  10 rats
348 creatures vanquished.

Vanquished Creatures (others)
  2 gnoll sergeants (D:6)
  A white imp (D:6)
  An orc (D:6)
  A hobgoblin (D:3)
  2 plants (Lair:1)
7 creatures vanquished.

Grand Total: 355 creatures vanquished

Notes
Turn   | Place    | Note
-------+----------+-------------------------------------------
     0 | D:1      | CannotBeFrozen the Demigod Warper began the quest for the
                  | Orb.
     0 | D:1      | Reached XP level 1. HP: 17/17 MP: 5/5
    21 | D:1      | Reached skill level 2 in Long Blades
   324 | D:1      | Reached XP level 2. HP: 24/24 MP: 7/7
   623 | D:1      | Learned a level 2 spell: Blink
   665 | D:1      | Reached skill level 3 in Long Blades
  1119 | D:2      | Reached XP level 3. HP: 27/29 MP: 8/8
  1126 | D:2      | Reached skill level 1 in Armour
  1289 | D:2      | Found Tetidac's Armour Emporium.
  1424 | D:2      | Reached skill level 1 in Throwing
  1823 | D:2      | Reached XP level 4. HP: 33/36 MP: 9/9
  1899 | D:2      | Reached skill level 1 in Stealth
  1962 | D:3      | Found a large runed translucent door.
  1963 | D:3      | Found a large runed translucent door.
  3167 | D:4      | Reached skill level 4 in Long Blades
  3167 | D:4      | Reached XP level 5. HP: 26/41 MP: 10/10
  3339 | D:4      | Found a staircase to the Ecumenical Temple.
  3463 | D:4      | Found Uschetea's Assorted Antiques.
  3508 | D:4      | Found a sand-covered staircase.
  3516 | Ossuary  | Entered an ossuary
  3942 | Ossuary  | Reached skill level 5 in Long Blades
  3942 | Ossuary  | Reached XP level 6. HP: 46/48 MP: 11/11
  4417 | Ossuary  | Reached skill level 6 in Long Blades
  4773 | Ossuary  | Reached XP level 7. HP: 48/55 MP: 13/13
  4813 | Ossuary  | Reached skill level 7 in Long Blades
  5027 | Ossuary  | Noticed a shapeshifter
  5027 | Ossuary  | a scorpion changed into a shapeshifter
  5027 | Ossuary  | a shapeshifter changed into a golden eye
  5029 | Ossuary  | Noticed a hornet
  5029 | Ossuary  | a golden eye changed into a hornet
  5036 | Ossuary  | Killed a hornet
  5682 | D:4      | Learned a level 3 spell: Ozocubu's Armour
  5914 | D:4      | Reached skill level 1 in Ice Magic
  5914 | D:4      | Reached XP level 8. HP: 61/61 MP: 15/15
  6178 | D:5      | Entered Level 5 of the Dungeon
  6413 | D:5      | Noticed Menkaure
  6422 | D:5      | Killed Menkaure
  7240 | D:5      | Found a runed translucent door.
  7241 | D:5      | Noticed Crazy Yiuf
  7644 | D:6      | Reached skill level 5 in Ice Magic
  7709 | D:6      | Noticed Grinder
  7735 | D:6      | Paralysed by Grinder for 3 turns
  7743 | D:6      | Paralysed by Grinder for 2 turns
  7747 | D:6      | Killed Grinder
  7748 | D:6      | Reached skill level 8 in Long Blades
  7959 | D:6      | Found a glowing drain.
  7970 | Sewer    | Entered a sewer
  8143 | Sewer    | Learned a level 3 spell: Teleport Other
  8984 | D:6      | Reached XP level 9. HP: 35/69 MP: 18/18
 10252 | D:5      | Killed Crazy Yiuf
 10437 | D:6      | Noticed Blork the orc
 10447 | D:6      | Noticed a kobold demonologist
 10449 | D:6      | Noticed a smoke demon
 10452 | D:6      | Noticed an ice devil
 10459 | D:6      | Killed Blork the orc
 10476 | D:7      | Killed a kobold demonologist
 10477 | D:7      | Reached skill level 5 in Translocations
 11349 | D:7      | Identified the +0 leather armour "Eficriuk" {Str+4 Int+5}
 11556 | D:7      | Reached skill level 9 in Long Blades
 12157 | D:7      | Reached skill level 5 in Fighting
 12828 | D:7      | Reached XP level 10. HP: 59/81 MP: 16/19
 13545 | D:8      | Found the +14 obsidian axe {vorpal, Mesm Drain Fly SInv}
 13630 | D:8      | Reached skill level 1 in Shields
 14605 | D:8      | Noticed a two-headed ogre
 14686 | D:8      | Found a runed translucent gate.
 14686 | D:8      | Found a runed translucent gate.
 14687 | D:8      | Found a runed translucent gate.
 14691 | D:8      | Noticed hackon's ghost (novice OgFE)
 16195 | D:9      | Noticed a two-headed ogre
 16256 | D:9      | Killed a two-headed ogre
 16592 | D:9      | Found Verghun's Distillery.
 17219 | D:10     | Entered Level 10 of the Dungeon
 17246 | D:10     | Learned a level 3 spell: Lesser Beckoning
 17772 | D:10     | Found a staircase to the Lair.
 17808 | D:10     | Noticed a two-headed ogre
 17856 | D:10     | Killed a two-headed ogre
 17857 | D:10     | Reached skill level 10 in Long Blades
 18610 | D:10     | Noticed a cyan ugly thing
 18686 | D:10     | Killed a cyan ugly thing
 18687 | D:10     | Reached XP level 11. HP: 31/92 MP: 13/20
 19144 | D:11     | Found a runed translucent gate.
 19144 | D:11     | Found a runed translucent gate.
 19146 | D:11     | Found a runed translucent gate.
 19147 | D:11     | Noticed Zeltrum's ghost (journeyman DgFi)
 19623 | D:11     | Found a portal to a secret trove of treasure.
 20656 | D:12     | Found Xomp's Jewellery Shop.
 20722 | D:12     | Found a staircase to the Orcish Mines.
 20798 | D:12     | Reached skill level 11 in Long Blades
 21023 | D:12     | Noticed a two-headed ogre
 21100 | D:12     | Killed a two-headed ogre
 21705 | Lair:1   | Entered Level 1 of the Lair of Beasts
 21705 | Lair:1   | Found a gate leading to a gauntlet.
 22354 | Lair:1   | Noticed an eight-headed hydra
 22386 | Lair:1   | Slain by an eight-headed hydra

Illustrated notes

Levels and vault maps discovered:
D:1:      psy_arrival_dodecagon, layout_basic,
          shapermc_ecumenical_altar_notcrosses, nrook_loot_triangle,
          nrook_campfire, chequers_serial_rivers_room_b
D:2:      layout_rooms, basic_altar, serial_shops, nicolae_shop_statue_plus,
          chequers_serial_rivers_room_b
D:3:      due_chaos_kobolds, layout_basic, minmay_misc_feat_columns,
          serial_bayou_pond_b, minivault_14, hex_intersection
D:4:      layout_basic, mainiacjoe_overflow_small_starburst,
          minmay_temple_entry_slanted, chequers_ossuary_entry_cave,
          serial_shops, nicolae_stop_n_shop_2, minmay_surrounded
D:5:      layout_loops_ring, mainiacjoe_overflow_swirl, minmay_pentangle,
          uniq_menkaure, uniq_crazy_yiuf_cottage
D:6:      layout_basic, xom_confusion_cloud, mainiacjoe_overflow_divided_tiny,
          portal_sewer_entry_e, uniq_grinder, uniq_blork_the_orc
D:7:      layout_loops_ring, nicolae_tso_carved_into_rock
D:8:      layout_cave_pods, gammafunk_ghost_necromancy,
          dreamdust_deal_with_the_devil, minivault_11
D:9:      layout_roguey, kennysheep_orc_sif_temple, serial_shops,
          nicolae_shop_advertising_works [nicolae_subvault_shop_adworks]
D:10:     layout_long_grid, lair_entry_dummy
D:11:     layout_basic, ebering_ghost_rock_garden, nicolae_trove_entry_isolated,
          nicolae_vehumet_altar_sigil
D:12:     minmay_tile_spiral, layout_long_grid, zombieorc1_lemuel, serial_shops,
          nicolae_shop_crystal
Lair:1:   layout_long_grid, gauntlet_entry_generic

Skill      XL: |  1  2  3  4  5  6  7  8  9 10 11 |
---------------+----------------------------------+-----
Long Blades    | 2 3 4 5 6 7 8 9 10 11 | 11.4
Armour         | 1 |  1.0
Spellcasting   | 2 3 4 |  4.0
Throwing       | 1 |  1.0
Fighting       | 2 3 5 7 8 |  8.6
Dodging        | 2 |  2.0
Stealth        | 2 |  2.0
Translocations | 3 4 5 |  5.0
Ice Magic      | 1 5 6 7 |  7.0
Shields        | 4 |  4.0

Action                   |  1- 3 |  4- 6 |  7- 9 | 10-12 || total
-------------------------+-------+-------+-------+-------++-------
Melee: Falchion          |   174 |   200 |   467 |    33 ||   874
       Punch             |     3 |     5 |     8 |       ||    16
       Short sword       |       |       |   105 |    72 ||   177
       Scimitar          |       |       |       |   309 ||   309
       Long sword        |       |       |       |    38 ||    38
       Dagger            |       |       |       |    40 ||    40
Throw: Stone             |    18 |    11 |       |       ||    29
       Dart              |     6 |     6 |    55 |    50 ||   117
       Boomerang         |       |     6 |    32 |    28 ||    66
 Cast: Ozocubu's Armour  |       |       |    21 |    45 ||    66
       Blink             |       |       |     2 |    19 ||    21
Evoke: Box of beasts     |       |       |       |     2 ||     2
       Wand              |       |       |       |     8 ||     8
  Use: Scroll            |     1 |     9 |    11 |     7 ||    28
       Potion            |       |       |     5 |     4 ||     9
 Stab: Sleeping          |       |     2 |     5 |     1 ||     8
       Paralysed         |       |     1 |       |       ||     1
       Petrified         |       |       |     3 |       ||     3
       Invisible         |       |       |     2 |       ||     2
       Distracted        |       |       |     1 |       ||     1
Armor: Leather armour    |    51 |    54 |   126 |   125 ||   356
       Skin              |       |       |    79 |    17 ||    96
Dodge: Dodged            |   113 |   120 |   261 |   145 ||   639
Block: Buckler           |       |       |       |   185 ||   185
       Reflection        |       |       |       |     3 ||     3

Table legend: (Time is in decaauts)
 A = Elapsed time spent in this place.
 B = Non-inter-level travel time spent in this place.
 C = Inter-level travel time spent in this place.
 D = Time resting spent in this place.
 E = Time spent auto-exploring this place.
 F = Levels seen in this place.
 G = Mean time per level.
                   A        B        C        D        E       F      G
               +--------+--------+--------+--------+--------+-----+--------+
         Total |  22471 |  21443 |   1028 |   7863 |   7469 |  15 | 1498.1 |
       Dungeon |  19356 |  18328 |   1028 |   6244 |   7220 |  12 | 1613.0 |
          Lair |    246 |    246 |      0 |    156 |     14 |   1 |  246.0 |
         Sewer |    976 |    976 |      0 |    220 |    165 |   1 |  976.0 |
       Ossuary |   1891 |   1891 |      0 |   1242 |     70 |   1 | 1891.0 |
               +--------+--------+--------+--------+--------+-----+--------+

Top non-repeatable levels by time:
     D:5: 2812 daAuts
     D:7: 2267 daAuts
    D:10: 1938 daAuts
 Ossuary: 1891 daAuts
     D:8: 1889 daAuts
     D:9: 1689 daAuts
    D:11: 1584 daAuts
     D:6: 1459 daAuts
     D:4: 1257 daAuts
     D:3: 1240 daAuts
     D:1: 1189 daAuts
    D:12: 1103 daAuts
   Sewer: 976 daAuts
     D:2: 926 daAuts
  Lair:1: 246 daAuts
